 Dungeon Crawl Stone Soup version 0.32-a0-818-gb728d0252e (webtiles) character file.

Game seed: 5606685371245418100

65 Samael12321 the Covered (level 3, -1/31 HPs)
             Began as an Armataur Berserker on Mar 23, 2024.
             Was a Believer of Trog.
             Slain by an orc
             ... wielding a +0 war axe
              (9 damage)
             ... on level 2 of the Dungeon.
             The game lasted 00:01:14 (1290 turns).

Samael12321 the Covered (Armataur Berserker)        Turns: 1290, Time: 00:01:15

Health: -1/31      AC:  4    Str: 24    XL:     3   Next: 94%
Magic:  3/3        EV:  9    Int:  7    God:    Trog [**....]
Gold:   61         SH:  0    Dex:  9    Spells: 2/2 levels left

rFire   . .          .
                       - Unarmed
rCold   . . .        (no shield)
rNeg    . . .        a - +0 animal skin
rPois   .            (no helmet)
rElec   .            (no cloak)
rCorr   .            (no gloves)
SInv    .            (no barding)
Will    .....        (no amulet)
Stlth   +            c - +4 ring of slaying
HPRegen 0.25/turn    (no ring)
MPRegen 0.08/turn

%: roll
@: confused
A: large, deformed body, tough skin 3, armoured tail, rollpage 1
a: Renounce Religion, Berserk, Trog's Hand


You were on level 2 of the Dungeon.
You worshipped Trog.
Trog was pleased with you.
You visited 1 branch of the dungeon, and saw 3 of its levels.

You collected 61 gold pieces.

Inventory:

Armour
 a - a +0 animal skin (worn)
Jewellery
 c - a +4 ring of slaying (left hand)
Scrolls
 e - a scroll of butterflies {unknown}
 f - a scroll of poison {unknown}
 g - a scroll of enchant armour {unknown}
 i - a scroll of identify {unknown}
Potions
 b - a potion of might {unknown}
 d - a potion of curing {unknown}
 h - 2 potions of heal wounds {unknown}


   Skills:
 + Level 3.1 Fighting
 + Level 3.3 Armour
 + Level 2.0 Dodging
 + Level 3.1 Unarmed Combat


You had 2 spell levels left.
You didn't know any spells.
Your spell library was empty.

Dungeon Overview and Level Annotations

Branches:
Dungeon (3/15)

Altars:


Innate Abilities, Weirdness & Mutations

Armour fits poorly on your strangely shaped body.
You have extremely tough skin. (AC +3)
You have a long armoured tail.
You regenerate magic when rolling toward enemies. (Rampage MPRegen)


Message History

You closely miss the orc.
Your tail-slap misses the orc.
The endoplasm closely misses you. Something hits you.
The orc barely misses you. The orc hits you with a +0 war axe.
You are too injured to fight recklessly!
You are too injured to fight recklessly!
You are too injured to fight recklessly!
You are too injured to fight recklessly!
You are too injured to fight recklessly!
You are too injured to fight recklessly!
You are too injured to fight recklessly!
You are too injured to fight recklessly!
You are too injured to fight recklessly!
You are too injured to fight recklessly!
You are too injured to fight recklessly!
You are too injured to fight recklessly!
You are too injured to fight recklessly!
You are too injured to fight recklessly!
Something hits you. The orc attacks as it pursues you!
The orc completely misses you.
There is a stone staircase leading up here.
Something hits you. The orc hits you but does no damage.
The endoplasm freezes you.
You are frozen.
* * * LOW HITPOINT WARNING * * *
You climb upwards.
Reactivating autopickup.
There is a stone staircase leading down here.
The orc attacks as it pursues you! The orc completely misses you.
You hear some strange, mumbled words.
Deactivating autopickup; reactivate with Ctrl-A.
You are confused.
The endoplasm barely misses you.
The endoplasm attacks as it pursues you!
The endoplasm hits you but does no damage.
You bump into the rock wall.
You bump into the rock wall.
Something hits you but does no damage. The orc barely misses you.
You barely miss something. Something hits you but does no damage.
The orc hits you with a +0 war axe!
You die...

.#..............## ##...# #.#
.#...............# ##...## ##.#
.#...............# #...## #..#
.........>.......# #.#.# #.##
.................###.#.# ##.##
...................#...# #....
.#..............##>...### #.###
...............###......# #.#
................@oJ#.##.#####.#
..###..##........###.##....##.#
...###.#........#....#####.##.#
##.###.#.......##################
#...............................
#####.........#..#.....#......##
#.........#...#..#.......#.#
###.......#...##...##..#....
#.......#######..#...###..


You could see an orc and an endoplasm.

Vanquished Creatures
  An orc wizard (D:3)
  A dart slug (D:2)
  2 orcs (D:3)
  2 endoplasms (D:2)
  4 giant cockroaches (D:1)
  5 goblins
  2 hobgoblins (D:1)
  A quokka (D:1)
  2 ball pythons (D:2)
  3 bats
  5 frilled lizards (D:1)
  5 kobolds
  3 rats
36 creatures vanquished.

Notes
Turn   | Place    | Note
-------+----------+-------------------------------------------
     0 | D:1      | Samael12321 the Armataur Berserker began the quest for the
                  | Orb.
     0 | D:1      | Reached XP level 1. HP: 18/18 MP: 1/1
   140 | D:1      | Reached XP level 2. HP: 23/25 MP: 2/2
   892 | D:2      | Reached XP level 3. HP: 22/31 MP: 3/3
  1130 | D:2      | Reached ** piety under Trog
  1290 | D:2      | Slain by an orc

Illustrated notes

Levels and vault maps discovered:
D:1:      ncdulo_smallfort, layout_basic
D:2:      layout_rooms, minmay_misc_feat_rugged
D:3:      layout_basic

Skill      XL: |  1  2  3 |
---------------+----------+-----
Unarmed Combat | 3 |  3.1
Armour         | 3 |  3.3
Fighting       | 3 |  3.1
Dodging        | 2 |  2.0

Action                     || total
---------------------------++-------
  Melee: Unarmed           ||    79
         Tailslap          ||     5
         Punch             ||     2
 Armour: Animal skin       ||    51
  Dodge: Dodged            ||    33

Table legend: (Time is in decaauts)
 A = Elapsed time spent in this place.
 B = Non-inter-level travel time spent in this place.
 C = Inter-level travel time spent in this place.
 D = Time resting spent in this place.
 E = Time spent auto-exploring this place.
 F = Levels seen in this place.
 G = Mean time per level.
                   A        B        C        D        E       F      G
               +--------+--------+--------+--------+--------+-----+--------+
         Total |   1285 |   1230 |     55 |      0 |   1054 |   3 |  428.3 |
       Dungeon |   1285 |   1230 |     55 |      0 |   1054 |   3 |  428.3 |
               +--------+--------+--------+--------+--------+-----+--------+

Top non-repeatable levels by time:
     D:1: 839 daAuts
     D:2: 431 daAuts
     D:3: 14 daAuts
